 Dungeon Crawl Stone Soup version 0.18.1-48-g4cf74bf (webtiles) character file.

9 Lennu the Charmwright (level 2, 22/23 HPs)
             Began as a Formicid Skald on June 28, 2016.
             Quit the game on level 1 of the Dungeon.
             The game lasted 00:04:13 (359 turns).

Lennu the Charmwright (Formicid Skald)               Turns: 359, Time: 00:04:13

Health: 22/23      AC:  3    Str: 16    XL:     2   Next: 25%
Magic:  5/5        EV: 11    Int: 11    God:
Gold:   13         SH:  0    Dex: 10    Spells: 1 memorised, 4 levels left

rFire  . . .     SeeInvis +     a - +0 spear
rCold  + . .     Gourm    .     b - +0 leather armour
rNeg   . . .     Faith    .     (no shield)
rPois  .         Spirit   .     (helmet unavailable)
rElec  .         Dismiss  .     (no cloak)
rCorr  .         Reflect  .     (no gloves)
SustAt .         Harm     .     (no boots)
MR     .....                    (no amulet)
Stlth  +.........               (no ring)
                                e - ring of protection from cold

@: not resistant to hostile enchantments, very unstealthy
A: permanent stasis, dig shafts and tunnels, four strong arms, antennae 3
a: Dig, Shaft Self


You were on level 1 of the Dungeon.
You were not hungry.

You visited 1 branch of the dungeon, and saw 1 of its levels.

You collected 13 gold pieces.

Inventory:

Hand Weapons
 a - a +0 spear (weapon)
Armour
 b - a +0 leather armour (worn)
Jewellery
 e - a ring of protection from cold (left hand)
Scrolls
 i - a scroll of identify {unknown}
Potions
 g - a potion of cancellation {unknown}
 h - a potion of brilliance {unknown}
Books
 c - a book of Battle

   Spells                             Type                      Level
   a - Infusion                       Charms                       1
   b - Shroud of Golubria             Charms/Translocation         2
   c - Song of Slaying                Charms                       2
   d - Spectral Weapon                Hexes/Charms                 3
   e - Regeneration                   Charms/Necromancy            3
Comestibles
 d - a bread ration
 f - 4 chunks of flesh


   Skills:
 * Level 2.3 Fighting
 * Level 2.2 Polearms
 * Level 1.1 Armour
 * Level 1.1 Dodging
 * Level 2.3 Spellcasting
 * Level 3.1 Charms


You had 4 spell levels left.
You knew the following spells:

 Your Spells              Type           Power        Failure   Level  Hunger
a - Infusion              Chrm           #...         12%         1    ##.....


Dungeon Overview and Level Annotations

Branches:
Dungeon (1/15)

Altars:


Innate Abilities, Weirdness & Mutations

You are under a permanent stasis effect.
You can dig through walls and to a lower floor.
Your four strong arms can wield two-handed weapons with a shield.
You have a pair of large antennae on your head (SInv).


Message History

You sense a monster nearby.
A giant newt comes into view.
Attack whom?
Press: ? - help, Dir - move target cursor, f - giant newt
Aim: a giant newt You reach to attack!
You hit the giant newt but do no damage.
You barely miss the giant newt. The giant newt closely misses you.
You closely miss the giant newt. The giant newt bites you.
You miss the giant newt. The giant newt bites you.
You barely miss the giant newt. The giant newt barely misses you.
You barely miss the giant newt. The giant newt closely misses you.
You hit the giant newt but do no damage.
The giant newt bites you but does no damage.
You hit the giant newt.
You kill the giant newt!
You now have 13 gold pieces.
You sense a monster nearby.
i - a scroll labeled ZITAWO DEFUBIM Are you sure you want to abandon this character and quit the game? (Confirm with "yes".)

#######♣♣♣♣♣♣♣♣♣♣♣♣♣ ♣♣
...................♣...♣
.......♣...♣....♣....♣♣.
....⌠...♣♣....♣♣....♣...
#......@..♣...♣.♣....♣♣.
#...............♣...♣..♣
...####....♣♣.♣♣..♣...♣.
. ##.........♣♣..♣.♣
#.....♣♣......♣♣.
{{##....♣......♣..♣†
#...♣...♣♣..♣.♣.♣♣
..!..♣...♣...♣..♣..♣
..?.♣.......♣♣..♣..♣


There were no monsters in sight!

Vanquished Creatures
  A ball python (D:1)
  A goblin (D:1)
  A hobgoblin (D:1)
  3 bats (D:1)
  2 giant newts (D:1)
  2 rats (D:1)
10 creatures vanquished.

Notes
Turn   | Place    | Note
--------------------------------------------------------------
     0 | D:1      | Lennu the Formicid Skald began the quest for the Orb.
     0 | D:1      | Reached XP level 1. HP: 16/16 MP: 3/3
    39 | D:1      | Reached skill level 1 in Dodging
   166 | D:1      | Reached XP level 2. HP: 19/22 MP: 0/5
   359 | D:1      | Quit the game

Skill      XL: |  1 |
---------------+----+-----
Dodging        | 1 |  1.1
Fighting       | |  2.3
Polearms       | |  2.2
Armour         | |  1.1
Spellcasting   | |  2.3
Charms         | |  3.1

Action                   || total
-------------------------++-------
Melee: Spear             ||    33
 Cast: Infusion          ||     2
Armor: Leather armour    ||     7
Dodge: Dodged            ||    22
